AoeStats
← SWMG!

Arabia

510319224Analyzed
1v1 RM · 21h ago on Sep 30, 2026· 43m 5s· 2 players
Game mode
Random Map
Map size
Tiny (2 player)
Population
200
Speed
Normal
Resources
Standard
Victory
Conquest
Starting age
Dark Age
Ending age
Imperial Age
RankedLock teamsTeams togetherTeam positionsShared explorationLock speedFull tech treeHidden civsTurbo modeCheats
Victory
Defeat
🇨🇴 Burmese · Colombia
913
+18
🇲🇾 Gurjaras · Malaysia
952
-53
jjvirguezc
2:42 Loom
10:12 Feudal Age
14:09 Horse Collar
19:39 Castle Age
18:37 Fletching
19:52 Scale Barding Armor
20:17 Bloodlines
20:27 Husbandry
22:00 Heavy Plow
23:54 Stone Mining
26:49 Wheelbarrow
27:18 Chain Barding Armor
29:50 Hand Cart
31:13 Bodkin Arrow
31:19 Padded Archer Armor
31:25 Scale Mail Armor
32:42 Pikeman
33:22 Squires
39:59 Imperial Age
40:18 Elite Battle Elephant
42:14 Plate Barding Armor
42:49 Bracer
SWMG!
11:01 Feudal Age
9:19 Loom
11:59 Horse Collar
12:20 Double-Bit Axe
17:25 Wheelbarrow
18:48 Man-at-Arms
24:51 Castle Age
23:58 Wheelbarrow
23:56 Town Watch
24:56 Crossbowman
25:41 Thumb Ring
26:05 Husbandry
26:25 Bow Saw
26:14 Elite Skirmisher
27:28 Gold Mining
31:26 Scale Barding Armor
31:32 Forging
35:58 Hand Cart
39:17 Bloodlines
40:56 Iron Casting
40:42 Chain Barding Armor
Connection lost

Rejoining the realm…

Still unreachable

The connection could not be restored.

Session expired

The server has moved on; the page needs a fresh start.